 Dungeon Crawl Stone Soup version 0.29.1-14-g9c671dbff4 (webtiles) character file.

Game seed: 15063374272135487299

33 Descartes the Magician (level 3, -1/19 HPs)
             Began as a Deep Elf Wanderer on Feb 18, 2023.
             Killed from afar by Sigmund (2 damage)
             ... with a puff of flame
             ... on level 2 of the Dungeon.
             The game lasted 00:02:40 (1152 turns).

Descartes the Magician (Deep Elf Wanderer)          Turns: 1152, Time: 00:02:41

Health: -1/19      AC:  3    Str:  8    XL:     3   Next: 12%
Magic:  10/12      EV: 11    Int: 20    God:
Gold:   64         SH:  0    Dex: 13    Spells: 11/13 levels left

rFire   . . .      SeeInvis .   l - +2 dagger (flame)
rCold   . . .      Faith    .   (no shield)
rNeg    . . .      Spirit   .   c - +0 robe
rPois   .          Reflect  .   (no helmet)
rElec   .          Harm     .   (no cloak)
rCorr   .          Rampage  .   d - +0 pair of gloves
Will    .....                   (no boots)
Stlth   +++.......              (no amulet)
HPRegen 0.06/turn               (no ring)
MPRegen 0.13/turn               (no ring)

@: no status effects
A: no striking features
a: no special abilities


You were on level 2 of the Dungeon.
You visited 1 branch of the dungeon, and saw 2 of its levels.

You collected 64 gold pieces.

Inventory:

Hand Weapons
 a - a +0 dagger
 l - a +2 dagger of flaming (weapon)
Armour
 c - a +0 robe (worn)
 d - a +0 pair of gloves (worn)
Scrolls
 f - 2 scrolls of torment {unknown}
 h - a scroll of immolation {unknown}
 i - a scroll of noise {unknown}
 m - a scroll of butterflies {unknown}
Potions
 b - a potion of mutation
 e - 3 potions of heal wounds {unknown}
 g - a potion of lignification {unknown}
 j - a potion of flight {unknown}
 k - a potion of curing {unknown}


   Skills:
 - Level 4.8 Stealth
 - Level 5.8 Spellcasting
 + Level 2.5 Ice Magic
 + Level 2.1 Earth Magic


You had 11 spell levels left.
You knew the following spells:

 Your Spells              Type           Power      Damage    Failure   Level
a - Sandblast             Erth           28%        2d8       4%          1
b - Freeze                Ice            60%        1d8       3%          1

Your spell library contained the following spells:

 Spells                   Type           Power      Damage    Failure   Level
 Foxfire                  Conj/Fire      20%        2x1d5     11%         1
 Slow                     Hex            20%        N/A       11%         1
 Ozocubu's Armour         Ice            15%        N/A       12%         3
 Sublimation of Blood     Necr           5%         N/A       16%         2
 Conjure Flame            Conj/Fire      5%         6-21      32%         3
 Inner Flame              Hex/Fire       5%         N/A       32%         3
 Lesser Beckoning         Tloc           5%         N/A       32%         3
 Portal Projectile        Hex/Tloc       10%        N/A       32%         3
 Petrify                  Tmut/Erth      10%        N/A       56%         4
 Flame Wave               Conj/Fire      5%         2d5       71%         4
 Irradiate                Conj/Tmut      2%         3d12      96%         5


Dungeon Overview and Level Annotations

Branches:
Dungeon (2/15)

Altars:

Annotations:
D:2 Sigmund


Message History

You enter the shallow water.
Moving in this stuff is going to be slow.
You enter the shallow water.
Moving in this stuff is going to be slow.
You enter the shallow water.
Moving in this stuff is going to be slow.
You enter the shallow water.
Moving in this stuff is going to be slow.
Partly explored, can't reach some places.
Partly explored, can't reach some places.
You enter the shallow water.
Moving in this stuff is going to be slow.
You open the door.
There is an open door here.
There is an escape hatch in the floor here.
There is an open door here.
There is a stone staircase leading down here.
You climb downwards.
Level annotation: Sigmund
Found a runed long sword.
Found a stone staircase leading up.
There is a stone staircase leading up here.
Casting: Sandblast (safe; 4% risk of failure)
Confirm with . or Enter, or press ? or * to list all spells.
Aiming: Sandblast (safe; 4% risk of failure)
Press: ? - help, Shift-Dir - straight line, f - Sigmund
Aim: Sigmund, wielding a +4 scythe of distortion and wearing a +0 robe (80% to hit)
The blast of sand misses Sigmund.
Casting: Sandblast (safe; 4% risk of failure)
Confirm with . or Enter, or press ? or * to list all spells.
Aiming: Sandblast (safe; 4% risk of failure)
Press: ? - help, Shift-Dir - straight line, f/p - Sigmund
Aim: Sigmund, wielding a +4 scythe of distortion and wearing a +0 robe (80% to hit)
The blast of sand misses Sigmund.
Sigmund hits you from afar with a +4 scythe of distortion!
Ouch! That really hurt!
Space warps around you!
* * * LOW HITPOINT WARNING * * *
Sigmund points at you and mumbles some strange words.
The puff of flame hits you.
You die...

## ### .. #.. .#
##.# .# #.. # .#
#{#@###.#
.##.#######.#
#<@)#
.##.......<.#
###.....#
.#######.##.#
.##.##
.......#.# #.#
## # ######.#†#
#.. # #.#.# #.#
# #.#.# .# #
#.#.#####.#
######..........


You could see Sigmund.

Vanquished Creatures
  3 bats
  2 endoplasms (D:1)
  2 giant cockroaches (D:1)
  3 goblins (D:1)
  3 hobgoblins (D:1)
  4 jackals (D:1)
  4 quokkas (D:1)
  2 ball pythons (D:1)
  3 frilled lizards (D:1)
  3 rats (D:1)
29 creatures vanquished.

Notes
Turn   | Place    | Note
-------+----------+-------------------------------------------
     0 | D:1      | Descartes the Deep Elf Wanderer began the quest for the
                  | Orb.
     0 | D:1      | Descartes set off with the following items: a +0 dagger, a
                  | potion of mutation, a +0 robe, a +0 pair of gloves; and the
                  | following spells available to memorise: Freeze, Sandblast,
                  | Slow, Ozocubu's Armour, Lesser Beckoning, Portal
                  | Projectile.
     0 | D:1      | Reached XP level 1. HP: 10/10 MP: 9/9
     2 | D:1      | Learned a level 1 spell: Sandblast
     4 | D:1      | Learned a level 1 spell: Freeze
   120 | D:1      | Reached skill level 1 in Earth Magic
   291 | D:1      | Reached XP level 2. HP: 15/15 MP: 8/10
   437 | D:1      | You fall into a shaft and drop 1 floor!
   473 | D:2      | Noticed Sigmund
   730 | D:1      | Reached XP level 3. HP: 19/19 MP: 4/12
  1152 | D:2      | Killed from afar by Sigmund

Illustrated notes

Levels and vault maps discovered:
D:1:      shiori_arrival_maze, layout_loops_ring, serial_rivers,
          chequers_serial_rivers_micro_d, chequers_serial_rivers_small_3,
          chequers_serial_rivers_micro_e, chequers_serial_rivers_large_a,
          hangedman_glass_teeth, minmay_cupped
D:2:      layout_loops_ring, minmay_statues_item, minmay_rat_gold_closets,
          uniq_sigmund, uniq_jessica

Skill      XL: |  1  2 |
---------------+-------+-----
Earth Magic    | 1 2 |  2.1
Ice Magic      | 2 |  2.5
Stealth        | |  4.8
Spellcasting   | |  5.8

Action                   || total
-------------------------++-------
 Cast: Sandblast         ||    42
       Freeze            ||     7
Armor: Robe              ||     2
Dodge: Dodged            ||    18
